 Dungeon Crawl Stone Soup version 0.29-a0-409-gd843f3a48c (webtiles) character file.

Game seed: 6887428555194170585

11909 dolemite99 the Cleaver (level 11, -6/92 HPs)
             Began as a Deep Dwarf Fighter on May 14, 2022.
             Was a Believer of Elyvilon.
             Mangled by a seven-headed hydra (7 damage)
             ... on level 11 of the Dungeon.
             The game lasted 00:13:58 (9985 turns).

dolemite99 the Cleaver (Deep Dwarf Fighter)         Turns: 9985, Time: 00:13:58

Health: -6/92      AC: 18    Str: 30    XL:     11   Next: 55%
Magic:  18/18 (8)  EV:  7    Int: 14    God:    Elyvilon [**....]
Gold:   676        SH:  5    Dex: 12    Spells: 10/10 levels left

rFire   . . .      SeeInvis .   a - +10 whip "Hydrabane" {freeze, rN+}
rCold   . . .      Faith    .   c - +0 buckler
rNeg    + . .      Spirit   .   i - +1 plate armour
rPois   .          Reflect  .   z - +3 hat of Pondering {ponderous, Will+ MP+10 Int+5}
rElec   .          Harm     .   (no cloak)
rCorr   .          Rampage  .   (no gloves)
Will    ++...                   (no boots)
Stlth   ..........              (no amulet)
HPRegen 0.00/turn               g - +6 ring of strength
MPRegen 0.16/turn               (no ring)

@: slow
A: damage resistance, heal wounds, sense surroundings 2, no regeneration
a: Heal Wounds, Renounce Religion, Purification, Heal Other


You were on level 11 of the Dungeon.
You worshipped Elyvilon.
Elyvilon was pleased with you.
You visited 2 branches of the dungeon, and saw 12 of its levels.

You collected 676 gold pieces.

Inventory:

Hand Weapons
 a - the +10 whip "Hydrabane" (weapon) {freeze, rN+}
   (You found it on level 7 of the Dungeon)

   It freezes those it strikes, dealing additional cold damage.
   It can also slow down cold-blooded creatures.
   rN:        It protects you from negative energy.
 b - a +0 hunting sling
 s - a +2 eveningstar of protection
 t - a +3 short sword of venom
 y - a +1 war axe
 B - a +1 flail of protection
Missiles
 m - 17 boomerangs (quivered)
 u - 30 poisoned darts
 v - 6 javelins
Armour
 c - a +0 buckler (worn)
 d - an orb of energy
 i - a +1 plate armour (worn)
 z - the +3 hat of Pondering (worn) {ponderous, Will+ MP+10 Int+5}
   (You took it off Gastronok on level 8 of the Dungeon)

   Int:       It affects your intelligence (+5).
   MP:        It affects your magic capacity (+10).
   Will:      It increases your willpower.
Jewellery
 g - a +6 ring of strength (left hand)
 h - a ring of magical power
 k - an amulet of magic regeneration
 r - a ring of flight
Wands
 p - a wand of polymorph (16)
 E - a wand of flame (8)
Scrolls
 e - 2 scrolls of vulnerability
 f - 2 scrolls of teleportation
 j - a scroll of magic mapping
 C - 2 scrolls of fog
Potions
 l - 5 potions of brilliance
 n - a potion of cancellation
 o - 2 potions of curing
 q - 2 potions of flight
 w - 5 potions of attraction
 A - a potion of invisibility
 F - 2 potions of magic


   Skills:
 - Level 4.3 Fighting
 - Level 13.6(14.8) Axes
 - Level 8.9(12.0) Maces & Flails
 + Level 10.0 Armour
 - Level 5.2 Shields
 - Level 4.0 Invocations


You had 10 spell levels left.
You didn't know any spells.
Your spell library contained the following spells:

 Spells                   Type           Power      Damage    Failure   Level
 Foxfire                  Conj/Fire      0%         2x1d4     95%         1
 Conjure Flame            Conj/Fire      0%         6-21      100%        3
 Frozen Ramparts          Ice            0%         1d2       100%        3
 Inner Flame              Hex/Fire       0%         N/A       100%        3
 Tukima's Dance           Hex            0%         N/A       100%        3
 Anguish                  Hex/Necr       0%         N/A       100%        4
 Flame Wave               Conj/Fire      0%         2d4       100%        4
 Ice Form                 Ice/Tmut       0%         N/A       100%        4
 Summon Ice Beast         Ice/Summ       0%         N/A       100%        4
 Freezing Cloud           Conj/Ice/Air   0%         6-21      100%        5
 Simulacrum               Ice/Necr       0%         N/A       100%        6
 Enfeeble                 Hex            0%         N/A       100%        7
 Polar Vortex             Ice            0%         N/A       100%        9


Dungeon Overview and Level Annotations

Branches:
Dungeon (11/15)            Temple (1/1) D:7            Lair (0/6) D:8
    Orc: D:9-12

Altars:
Ashenzari
Cheibriados
Dithmenos
Elyvilon
Fedhas
Gozag
Hepliaklqana
Kikubaaqudgha
Makhleb
Nemelex Xobeh
Okawaru
Qazlal
Ru
Sif Muna
Trog
Uskayaw
Wu Jian
Xom
Yredelemnul
Zin
The Shining One

Shops:
D:11 *

Annotations:
D:9 1 runed translucent door, quokkamancerX's ghost, novice HuHu


Innate Abilities, Weirdness & Mutations

You are resistant to damage.
You can heal yourself by infusing magical energy.
You passively map the area around you.
You do not regenerate.


Message History

Aim: a seven-headed hydra The mass of ice explodes!
The iceblast engulfs the seven-headed hydra!
The seven-headed hydra is moderately wounded.
Aiming: Iceblast
Press: ? - help, Shift-Dir - straight line, f/p - seven-headed hydra
Aim: a seven-headed hydra (moderately wounded)
The mass of ice explodes!
The iceblast engulfs the seven-headed hydra!
The seven-headed hydra is moderately wounded.
The now-empty wand crumbles to dust.
Aiming: Throw Flame
Press: ? - help, Shift-Dir - straight line, f/p - seven-headed hydra
Aim: a seven-headed hydra (moderately wounded, 89% to hit)
The puff of flame hits the seven-headed hydra.
The seven-headed hydra is moderately wounded.
Aiming: Throw Flame
Press: ? - help, Shift-Dir - straight line, f/p - seven-headed hydra
Aim: a seven-headed hydra (moderately wounded, 89% to hit)
The puff of flame misses the seven-headed hydra.
The seven-headed hydra barely misses you.
You block the seven-headed hydra's attack.
The seven-headed hydra bites you but does no damage.
The seven-headed hydra bites you. The seven-headed hydra bites you!
The seven-headed hydra bites you but does no damage.
The seven-headed hydra bites you.
* * * LOW HITPOINT WARNING * * *
You whack the seven-headed hydra! You freeze the seven-headed hydra.
The seven-headed hydra is heavily wounded.
The seven-headed hydra bites you!
* * * LOW HITPOINT WARNING * * *
The seven-headed hydra bites you!
* * * LOW HITPOINT WARNING * * *
The seven-headed hydra bites you.
* * * LOW HITPOINT WARNING * * *
The seven-headed hydra barely misses you.
The seven-headed hydra bites you!
* * * LOW HITPOINT WARNING * * *
The seven-headed hydra bites you!
You die...

#### .... #### ,..... .!#
...#.#..# ..#...#.# *#?..∩.D.# *
#...#.##
*..#.#..)#######################
..............D@................
##.##....###############.#######
* ###### #.# #.# * #.# * , * * *
#.# , ,, , ,, , #.# ** * #.# , ,
, , , #.#


You could see a seven-headed hydra.

Vanquished Creatures
  Gastronok (D:8)
  A centaur warrior (D:10)
  A two-headed ogre (D:8)
  An unseen horror (D:10)
  A troll (D:5)
  4 slime creatures (D:9)
  A wraith (D:9)
  A wyvern (D:9)
  17 yaks
  A vampire (D:11)
  A shadow (D:10)
  4 steam dragons
  3 vampire mosquitoes (D:10)
  3 water moccasins
  2 black bears
  2 ice beasts
  4 orc warriors
  A sky beast (D:6)
  3 centaurs
  2 kobold brigands
  2 bullfrogs
  A gnoll sergeant (D:7)
  2 necrophages
  6 scorpions
  9 killer bees (D:9)
  A howler monkey (D:9)
  3 jellies
  9 hounds
  An orc priest (D:7)
  3 iguanas
  Jessica (D:3)
  Natasha (twice) (D:3)
  12 orc wizards
  8 gnolls
  8 adders
  3 white imps
  4 dart slugs
  31 orcs
  7 endoplasms
  4 giant cockroaches
  4 goblins
  8 hobgoblins
  3 jackals (D:1)
  3 quokkas
  6 ball pythons
  2 bats (D:1)
  2 frilled lizards
  15 kobolds
  3 rats
217 creatures vanquished.

Vanquished Creatures (others)
  A yak (D:11)
1 creature vanquished.

Grand Total: 218 creatures vanquished

Notes
Turn   | Place    | Note
-------+----------+-------------------------------------------
     0 | D:1      | dolemite99 the Deep Dwarf Fighter began the quest for the
                  | Orb.
     0 | D:1      | Reached XP level 1. HP: 20/20 MP: 1/1
    13 | D:1      | Found a faded altar of an unknown god.
    74 | D:1      | Reached skill level 3 in Axes
    74 | D:1      | Reached XP level 2. HP: 24/27 MP: 2/2
   343 | D:1      | Reached XP level 3. HP: 26/33 MP: 3/3
   359 | D:1      | Reached skill level 4 in Axes
   438 | D:2      | Found an iron altar of Okawaru.
  1053 | D:3      | Noticed Jessica
  1057 | D:3      | Killed Jessica
  1058 | D:3      | Reached XP level 4. HP: 27/40 MP: 4/4
  1180 | D:3      | Reached skill level 5 in Axes
  1484 | D:3      | Reached XP level 5. HP: 19/46 MP: 5/5
  2098 | D:3      | Identified the +1 spear "Dwarf's Death" {freeze, Fly Int+2}
  2141 | D:3      | Noticed Natasha
  2157 | D:3      | Killed Natasha
  2158 | D:3      | Reached skill level 6 in Axes
  2234 | D:3      | Noticed Natasha
  2240 | D:3      | Killed Natasha
  2320 | D:4      | Reached skill level 7 in Axes
  2320 | D:4      | Reached XP level 6. HP: 24/55 MP: 5/5
  2817 | D:4      | Found a shadowy altar of Dithmenos.
  2818 | D:4      | Found a hide-covered altar of Uskayaw.
  3008 | D:5      | Entered Level 5 of the Dungeon
  3094 | D:5      | Reached skill level 8 in Axes
  3118 | D:5      | Reached XP level 7. HP: 47/61 MP: 5/5
  3141 | D:5      | Noticed a troll
  3149 | D:5      | Killed a troll
  3150 | D:5      | Reached skill level 9 in Axes
  3173 | D:5      | Reached skill level 10 in Axes
  3329 | D:5      | Reached XP level 8. HP: 55/68 MP: 5/5
  3464 | D:5      | Reached skill level 11 in Axes
  4204 | D:6      | Reached skill level 12 in Axes
  4985 | D:6      | Gained mutation: You passively map the area around you.
                  | [Deep Dwarf growth]
  4985 | D:6      | Reached XP level 9. HP: 46/74 MP: 6/6
  5004 | D:6      | Reached skill level 13 in Axes
  5686 | D:7      | Found a staircase to the Ecumenical Temple.
  5706 | Temple   | Entered the Ecumenical Temple
  5781 | Temple   | Became a worshipper of Elyvilon the Healer
  5880 | D:7      | Identified the +10 whip "Hydrabane" {freeze, rN+}
  5904 | D:7      | Reached skill level 1 in Maces & Flails
  6346 | D:8      | Noticed a two-headed ogre
  6356 | D:8      | Killed a two-headed ogre
  6455 | D:8      | Reached * piety under Elyvilon
  6641 | D:8      | Found an ornate altar of the Wu Jian Council.
  6671 | D:8      | Found a sacrificial altar of Ru.
  6783 | D:8      | Reached XP level 10. HP: 47/81 MP: 5/5
  6811 | D:8      | Noticed Gastronok
  6827 | D:8      | Killed Gastronok
  7241 | D:8      | Found a staircase to the Lair.
  7539 | D:9      | Reached ** piety under Elyvilon
  7668 | D:9      | Reached skill level 5 in Shields
  7849 | D:9      | Reached skill level 1 in Invocations
  8280 | D:9      | Found a runed translucent door.
  8280 | D:9      | Found a shimmering altar of Xom.
  8280 | D:9      | Noticed a +0 scimitar of chaos
  8280 | D:9      | Noticed quokkamancerX's ghost (novice HuHu)
  8304 | D:9      | Reached skill level 5 in Armour
  8491 | D:9      | Reached XP level 11. HP: 18/92 MP: 9/9
  8911 | D:10     | Entered Level 10 of the Dungeon
  8935 | D:10     | Noticed a centaur warrior
  8959 | D:10     | Killed a centaur warrior
  9075 | D:10     | Identified a scroll of acquirement
  9077 | D:10     | Acquired a +2 eveningstar of protection
  9323 | D:10     | Noticed an eight-headed hydra
  9331 | D:10     | Pacified an eight-headed hydra
  9955 | D:11     | Found Bekhlo's Overcharged Wands.
  9958 | D:11     | Noticed a seven-headed hydra
  9980 | D:11     | Reached skill level 10 in Armour
  9985 | D:11     | HP: 1/92 [seven-headed hydra (7)]
  9985 | D:11     | Mangled by a seven-headed hydra

Illustrated notes

Levels and vault maps discovered:
D:1:      elethiomel_arrival_shortcut, layout_rooms,
          ebering_ecumenical_altar_webs
D:2:      layout_loops_cross, basic_altar
D:3:      layout_basic, uniq_natasha, uniq_jessica
D:4:      layout_rooms, amethyst_overflow_temple_binary, chequers_garden
D:5:      minmay_bubble_buster, layout_basic
D:6:      layout_basic
D:7:      layout_rooms, minmay_temple_entry_wispy
D:8:      layout_basic, mainiacjoe_overflow_two_lobes, lair_entry_dummy,
          uniq_gastronok
D:9:      layout_loops_corners, ebering_ghost_xom
D:10:     layout_basic, minmay_misc_feat_enclosed
D:11:     layout_basic, serial_shops, bzr_entry_lakeside,
          nicolae_shop_overcharged_wands
Temple:   hc_temple_tempest_star

Skill      XL: |  1  2  3  4  5  6  7  8  9 10 11 |
---------------+----------------------------------+-----
Axes           | 3 4 5 7 8 10 12 13 | 13.6
Maces & Flails | 7 8 |  8.9
Fighting       | 4 |  4.3
Shields        | 5 |  5.2
Invocations    | 4 |  4.0
Armour         | 5 10 | 10.0

Action                   |  1- 3 |  4- 6 |  7- 9 | 10-12 || total
-------------------------+-------+-------+-------+-------++-------
Melee: War axe           |    90 |   136 |   220 |       ||   446
       Whip              |       |       |    75 |   240 ||   315
Throw: Javelin           |       |       |       |     6 ||     6
       Boomerang         |       |       |       |     8 ||     8
Invok: Heal Other        |       |       |       |     5 ||     5
       Purification      |       |       |       |     1 ||     1
 Abil: Heal Wounds       |       |     3 |     9 |    13 ||    25
Evoke: Wand              |       |       |       |     6 ||     6
  Use: Potion            |       |     1 |     3 |     8 ||    12
       Scroll            |       |    12 |     5 |     9 ||    26
Armor: Scale mail        |    38 |       |       |       ||    38
       Plate armour      |    10 |    87 |   157 |   123 ||   377
Dodge: Dodged            |    52 |    46 |    92 |    53 ||   243
Block: Buckler           |    26 |    32 |    65 |    51 ||   174

Table legend: (Time is in decaauts)
 A = Elapsed time spent in this place.
 B = Non-inter-level travel time spent in this place.
 C = Inter-level travel time spent in this place.
 D = Time resting spent in this place.
 E = Time spent auto-exploring this place.
 F = Levels seen in this place.
 G = Mean time per level.
                   A        B        C        D        E       F      G
               +--------+--------+--------+--------+--------+-----+--------+
         Total |  10134 |   9885 |    249 |   2206 |   5352 |  12 |  844.5 |
       Dungeon |  10025 |   9787 |    238 |   2206 |   5272 |  11 |  911.4 |
        Temple |    108 |     97 |     11 |      0 |     79 |   1 |  108.0 |
               +--------+--------+--------+--------+--------+-----+--------+

Top non-repeatable levels by time:
     D:6: 1666 daAuts
     D:9: 1457 daAuts
     D:3: 1274 daAuts
     D:8: 1230 daAuts
     D:5: 992 daAuts
    D:10: 751 daAuts
     D:4: 726 daAuts
     D:2: 648 daAuts
     D:7: 522 daAuts
     D:1: 420 daAuts
    D:11: 336 daAuts
  Temple: 108 daAuts
